 Dungeon Crawl Stone Soup version 0.27.0-1-g7a089689b8 (webtiles) character file.

Game seed: 934307274281856760

6 eccles the Insei (level 1, -2/15 HPs)
             Began as a Demigod Transmuter on Aug 2, 2021.
             Slain by a gnoll (6 damage)
             ... on level 1 of the Dungeon.
             The game lasted 00:01:28 (191 turns).

eccles the Insei (Demigod Transmuter)                Turns: 191, Time: 00:01:29

Health: -2/15      AC:  2    Str: 11    XL:     1   Next: 60%
Magic:  4/5        EV: 12    Int: 15    God:
Gold:   0          SH:  0    Dex: 14    Spells: 2/3 levels left

rFire    . . .     SeeInvis .     - Unarmed
rCold    . . .     Faith    .   (no shield)
rNeg     . . .     Spirit   .   a - +0 robe
rPois    .         Reflect  .   (no helmet)
rElec    .         Harm     .   (no cloak)
rCorr    .         Rampage  .   (no gloves)
Will     .....                  (no boots)
Stlth    +.........             (no amulet)
HPRegen  0.05/turn              (no ring)
MPRegen  0.09/turn              (no ring)

@: very slightly contaminated
A: high mp 1, forlorn
a: no special abilities


You were on level 1 of the Dungeon.
You visited 1 branch of the dungeon, and saw 1 of its levels.

Inventory:

Missiles
 b - 22 bolts
Armour
 a - a +0 robe (worn)


   Skills:
 + Level 0.8 Fighting
 + Level 1.9 Dodging
 + Level 2.9 Unarmed Combat
 + Level 1.8 Spellcasting
 + Level 1.9 Transmutations


You had 2 spell levels left.
You knew the following spells:

 Your Spells              Type           Power      Damage    Failure   Level
a - Beastly Appendage     Tmut           14%        N/A       11%         1

Your spell library contained the following spells:

 Spells                   Type           Power      Damage    Failure   Level
 Wereblood                Tmut           7%         N/A       16%         2
 Spider Form              Tmut/Pois      2%         N/A       41%         3
 Ice Form                 Ice/Tmut       4%         N/A       83%         4


Dungeon Overview and Level Annotations

Branches:
Dungeon (1/15)


Innate Abilities, Weirdness & Mutations

Your attributes grow dramatically as you level up.
You have an increased reservoir of magic. (+10% MP)
You shall have no god before yourself.


Message History

Your horns disappear.
Your talons disappear.
You see here a +0 dagger.
A goblin comes into view. It is wielding a +0 club.
The goblin shouts!
You hear a shout!
You hear an angry hiss.
A goblin comes into view. It is wielding a +0 dagger.
Found a scroll labelled NEIHEK LOACIGG.
Casting: Beastly Appendage (safe; 11% risk of failure)
Confirm with . or Enter, or press ? or * to list all spells.
You grow a pair of large bovine horns.
Your feet morph into talons.
The goblin hits you with a +0 club.
You barely miss the goblin. You claw the goblin.
The goblin is moderately wounded.
You hit the goblin. You claw the goblin.
You kill the goblin!
A ball python comes into view.
The goblin barely misses you.
The ball python moves out of view.
You hit the goblin.
You kill the goblin!
A ball python comes into view.
A gnoll comes into view. It is wielding a +0 spear.
The ball python hisses angrily.
You see here a +0 dagger.
The gnoll shouts!
Your transformation is almost over.
Your horns disappear.
Your talons disappear.
Sorry, you're not good enough to have a special ability.
Casting: Beastly Appendage (safe; 11% risk of failure)
Confirm with . or Enter, or press ? or * to list all spells.
You miscast Beastly Appendage.
You are very lightly contaminated with residual magic.
Nothing appears to happen.
You hit the ball python.
You kill the ball python!
The gnoll misses you.
You see here a ball python corpse.
You hit the gnoll but do no damage. The gnoll hits you with a +0 spear.
* * * LOW HITPOINT WARNING * * *
You barely miss the gnoll. The gnoll hits you but does no damage.
You completely miss the gnoll. The gnoll hits you with a +0 spear.
You die...

.....≈≈≈≈≈≈≈.. ...
#....≈≈≈≈≈≈... ....
#.....≈≈≈≈≈... ....
#.....≈≈≈≈≈...
...##.....≈≈≈≈....
#....)..≈≈≈≈....
#........≈≈..... .
#.....#g.##+### ...
#.....##@##.#
....#####.....##.##.#
.......)gS..[.##.##.#####
.......)########..#.....#
?.......# #######'#.###.#
..##....# #.........# #.#
. #....# #.........# #.#
....... #........>###.##
........ #........###8>8#


You could see a gnoll.

Vanquished Creatures
  An endoplasm (D:1)
  3 goblins (D:1)
  A ball python (D:1)
5 creatures vanquished.

Notes
Turn   | Place    | Note
-------+----------+-------------------------------------------
     0 | D:1      | eccles the Demigod Transmuter began the quest for the Orb.
     0 | D:1      | Reached XP level 1. HP: 15/15 MP: 5/5
   191 | D:1      | Slain by a gnoll

Illustrated notes

Levels and vault maps discovered:
D:1:      lemuel_arrival_cross, layout_basic, lemuel_old_faithful

Action                   || total
-------------------------++-------
Melee: Unarmed           ||    10
       Kick              ||     2
       Headbutt          ||     1
 Cast: Beastly Appendage ||     2
Armor: Robe              ||     1
Dodge: Dodged            ||     3
